 Dungeon Crawl Stone Soup version 0.24.0-123-gd5b16e6ec5 (webtiles) character file.

Game seed: 15288857575219541115, levelgen mode: deterministic

95 juanjsm the Sneak (level 4, 0/21 HPs)
             Began as a Spriggan Enchanter on Jan 13, 2020.
             Was an Initiate of Okawaru.
             Succumbed to an adder's poison
             ... on level 4 of the Dungeon.
             The game lasted 00:21:14 (2267 turns).

juanjsm the Sneak (Spriggan Enchanter)              Turns: 2267, Time: 00:21:15

Health: 0/21       AC:  4    Str:  4    XL:     4   Next: 39%
Magic:  2/9        EV: 18    Int: 17    God:    Okawaru [......]
Gold:   89         SH:  0    Dex: 16    Spells: 3/9 levels left

rFire    + . .     SeeInvis +   o - +1 dagger (vamp)
rCold    . . .     Gourm    .   (shield restricted)
rNeg     . . .     Faith    .   b - +0 robe
rPois    .         Spirit   .   (helmet restricted)
rElec    .         Reflect  .   (no cloak)
rCorr    .         Harm     .   (gloves unavailable)
MR       .....                  (boots unavailable)
Stlth    ++++......             (no amulet)
HPRegen  0.07/turn              m - ring of protection from fire
MPRegen  0.11/turn              (no ring)

@: lethally poisoned (0 -> -3), very quick
A: very small, unfitting armour, thin metallic scales 1, see invisible,
herbivore, speed 3, screaming 1, slow metabolism 2
a: Renounce Religion


You were on level 4 of the Dungeon.
You worshipped Okawaru.
Okawaru was noncommittal.
You were hungry.

You visited 1 branch of the dungeon, and saw 4 of its levels.

You collected 89 gold pieces.

Inventory:

Hand Weapons
 a - a +1 dagger
 o - a +1 vampiric dagger (weapon)
Missiles
 j - 7 boomerangs (quivered)
 l - 6 atropa-tipped darts
Armour
 b - a +0 robe (worn)
Jewellery
 m - a ring of protection from fire (left hand)
Scrolls
 c - 7 scrolls of identify {unknown}
 f - a scroll of teleportation {unknown}
 g - 3 scrolls of remove curse {unknown}
 i - a scroll of magic mapping {unknown}
 k - a scroll of amnesia {unknown}
Potions
 n - a potion of flight
Comestibles
 d - 3 rations


   Skills:
 + Level 1.7 Short Blades
 - Level 3.1 Dodging
 + Level 6.8 Stealth
 - Level 3.1 Spellcasting
 - Level 4.2 Hexes


You had 3 spell levels left.
You knew the following spells:

 Your Spells              Type           Power        Failure   Level  Hunger
a - Corona                Hex            ###....      3%          1    None
b - Ensorcelled Hibernat  Hex/Ice        #.....       11%         2    ##.....
c - Confuse               Hex            ###.....     9%          3    ###....

Your spell library contained the following spells:

 Spells                   Type           Power        Failure   Level  Hunger
 Tukima's Dance           Hex            ###.....     9%          3    ###....
 Dazzling Spray           Conj/Hex       #.....       22%         3    ###....


Dungeon Overview and Level Annotations

Branches:
Dungeon (4/15)
 Temple: D:4-7

Altars:
Hepliaklqana
Nemelex Xobeh
Okawaru
Qazlal
Vehumet
Yredelemnul

Annotations:
D:2 Robin, Sigmund


Innate Abilities, Weirdness & Mutations

You are very small and have problems with some larger weapons.
You are too small for most types of armour.
You have supernaturally acute eyesight. (SInv)
You are a herbivore.
You cover ground extremely quickly.
You need to consume almost no food.
You are partially covered in thin metallic scales. (AC +2)
You occasionally shout uncontrollably at your foes.


Message History

You feel magically purged.
You float gracefully downwards.
It was a potion of mutation.
You feel extremely strange.
You feel the urge to shout.
Thin metallic scales grow over part of your body.
* * * LOW HITPOINT WARNING * * *
You feel sick.
Okay, then.
* * * LOW HITPOINT WARNING * * *
You feel sick.
You open the door.
* * * LOW HITPOINT WARNING * * *
You feel sick.
Found 13 gold pieces and 18 arrows.
There is an open door here.
* * * LOW HITPOINT WARNING * * *
You feel sick.
Unknown command.
You open the door. 2 orcs and an orc wizard come into view.
You die... ##.#. o.. o.o

... #.# #.# #.# ..
##@## #.# # ##...##
#.##.### ##.....##
#...... ##.......##
##.##.###
#.......$.####........
+.........'...........
#.........####...#.##
##..(....## ##..#
##.....## ##<#


You could see an orc wizard (sleeping) and 2 orcs.

Vanquished Creatures
  3 gnolls (D:3)
  2 oozes (D:1)
  3 worms
  5 bats
  A giant cockroach (D:1)
  6 hobgoblins
  3 kobolds
  A quokka (D:3)
  A ball python (D:1)
  8 frilled lizards
  11 goblins
  10 rats
54 creatures vanquished.

Notes
Turn   | Place    | Note
-------+----------+-------------------------------------------
     0 | D:1      | juanjsm the Spriggan Enchanter began the quest for the Orb.
     0 | D:1      | Reached XP level 1. HP: 9/9 MP: 5/5
   168 | D:1      | Reached skill level 5 in Stealth
   175 | D:1      | Reached XP level 2. HP: 12/13 MP: 4/6
   712 | D:1      | Learned a level 2 spell: Ensorcelled Hibernation
   727 | D:1      | Reached XP level 3. HP: 14/16 MP: 4/8
   733 | D:1      | Learned a level 3 spell: Confuse
  1244 | D:2      | Identified the +1 helmet of Eternity {rF+}
  1244 | D:2      | Noticed Robin
  1349 | D:2      | Found a sparkling altar of Nemelex Xobeh.
  1479 | D:2      | Found a stormy altar of Qazlal.
  1734 | D:2      | Noticed Sigmund
  1751 | D:3      | Found a hazy altar of Hepliaklqana.
  1766 | D:3      | Reached skill level 6 in Stealth
  1907 | D:3      | Found a radiant altar of Vehumet.
  1907 | D:3      | Found a basalt altar of Yredelemnul.
  1965 | D:3      | Found an iron altar of Okawaru.
  2039 | D:3      | Reached XP level 4. HP: 20/21 MP: 9/9
  2087 | D:3      | Became a worshipper of Warmaster Okawaru
  2252 | D:4      | Gained mutation: You occasionally shout uncontrollably at
                  | your foes. [potion of mutation]
  2252 | D:4      | Gained mutation: You are partially covered in thin metallic
                  | scales. (AC +2) [potion of mutation]
  2262 | D:4      | HP: 1/21 [poisoned by an adder]
  2267 | D:4      | Succumbed to an adder's poison

Levels and vault maps discovered:
D:1:      wander_arrival_fairy_ring, layout_basic
D:2:      layout_rooms, nicolae_overflow_crystal_walls,
          nemelex_xobeh_ov_fountains_minmay, nemelex_dance_club_becter,
          uniq_sigmund, uniq_robin
D:3:      layout_basic, overflow_temple_1_default,
          chequers_temple_overflow_statue_of_worship, lemuel_crystal_altar,
          serial_corexii_hall, corexii_hall_statues_x, corexii_hall_statues_l,
          minmay_unequal
D:4:      layout_loops_corners, minmay_temple_entry_steel_oval, first_ration,
          serial_shops, shop_fountains, nicolae_shop_crystal, minmay_hedge_maze,
          uniq_natasha, uniq_pikel

Skill      XL: |  1  2  3 |
---------------+----------+-----
Stealth        | 5 6 |  6.8
Hexes          | 4 |  4.2
Spellcasting   | 3 |  3.1
Short Blades   | |  1.7
Dodging        | |  3.1

Action                   |  1- 3 |  4- 6 || total
-------------------------+-------+-------++-------
Melee: Dagger            |   117 |    19 ||   136
 Cast: Corona            |    19 |       ||    19
       Ensorcelled Hiber |    17 |     7 ||    24
  Use: Potion            |       |     3 ||     3
 Stab: Sleeping          |    23 |     5 ||    28
       Distracted        |     1 |       ||     1
Armor: Robe              |     9 |       ||     9
Dodge: Dodged            |    82 |    13 ||    95
